AoeStats
← aDT_The Night Panda

Nomad

504503733Analyzed
2v2 RM · 27d ago on Sep 5, 2026· 37m 5s· 4 players
Game mode
Random Map
Map size
176×176
Population
200
Speed
Normal
Resources
Standard
Victory
Conquest
Starting age
Dark Age
Ending age
Imperial Age
RankedLock teamsTeams togetherTeam positionsShared explorationLock speedFull tech treeHidden civsTurbo modeCheats
Victory
Defeat
🇩🇰 Lithuanians · Denmark
1884
+12
🇩🇰 Mongols · Denmark
1708
+18
🇻🇳 Magyars · Vietnam
1807
-16
🇻🇳 Malay · Vietnam
1760
-14
VNS_FasT_
5:00 Loom
13:27 Feudal Age
17:21 Castle Age
15:16 Double-Bit Axe
16:06 Fishing Lines
17:21 Gold Mining
17:27 Light Cavalry
18:35 Bow Saw
19:34 Scale Barding Armor
23:16 Chain Barding Armor
25:29 Horse Collar
27:56 Sanctity
28:57 Wheelbarrow
29:49 Bloodlines
30:22 Husbandry
31:00 Town Watch
35:46 Pikeman
VNS_Alibaba_
4:20 Loom
13:03 Feudal Age
16:29 Castle Age
15:51 Double-Bit Axe
16:56 Medium Warships
16:42 Horse Collar
19:22 Fletching
20:38 Forging
23:16 Clinker Construction
25:32 Careening
31:24 Wheelbarrow
31:25 Iron Casting
32:03 Iron Casting
34:19 Bodkin Arrow
35:18 Pikeman
35:58 Squires
37:43 Wheelbarrow
aDT_The Night Panda
3:34 Loom
12:03 Feudal Age
10:22 Loom
16:00 Castle Age
14:04 Double-Bit Axe
15:18 Town Watch
17:37 Bow Saw
19:20 Fletching
27:36 Bodkin Arrow
28:58 Padded Archer Armor
30:03 Wheelbarrow
DK | Good_luck
13:50 Feudal Age
16:57 Castle Age
14:47 Double-Bit Axe
15:23 Fletching
17:41 Bodkin Arrow
18:09 Medium Warships
18:52 Bow Saw
24:53 Fishing Lines
25:39 Gillnets
26:28 Loom
27:48 Horse Collar
32:18 Imperial Age
31:14 Wheelbarrow
31:49 Scale Barding Armor
33:25 Bracer
33:48 Chain Barding Armor
34:15 Bloodlines
34:06 Husbandry
34:36 Forging
35:52 Chain Barding Armor
35:43 Forging
37:32 Plate Barding Armor
37:33 Iron Casting
37:28 Conscription
Connection lost

Rejoining the realm…

Still unreachable

The connection could not be restored.

Session expired

The server has moved on; the page needs a fresh start.